 Dungeon Crawl Stone Soup version 0.30.0-15-g856e2d3f33 (webtiles) character file.

Game seed: 8638746401296392634

96 qw the Chopper (level 4, -1/28 HPs)
             Began as a Gargoyle Fighter on May 20, 2023.
             Slain by Sigmund
             ... wielding a +1 antimagic scythe
              (2 damage)
             ... on level 2 of the Dungeon.
             The game lasted 00:00:44 (1348 turns).

qw the Chopper (Gargoyle Fighter)                   Turns: 1348, Time: 00:00:44

Health: -1/28      AC: 10    Str: 22      XL:     4   Next: 67%
Magic:  2/4        EV:  9    Int:  5 (8)  God:
Gold:   161        SH:  4    Dex:  9      Spells: 3/3 levels left

rFire   . . .        Y - +0 war axe
rCold   . . .        c - +0 buckler
rNeg    + . .        b - +0 scale mail
rPois   inf          (no helmet)
rElec   +            (no cloak)
rCorr   .            (no gloves)
SInv    .            (no boots)
Will    .....        (no amulet) Stlth
                     (no ring)
HPRegen 0.24/turn    (no ring)
MPRegen 0.09/turn

%: no passive effects
@: no status effects
A: sickness immunity, AC +3, negative energy resistance 1, electricity
resistance, torment resistance 1, petrification resistance
a: no special abilities


You were on level 2 of the Dungeon.
You visited 1 branch of the dungeon, and saw 2 of its levels.

You collected 161 gold pieces.


Innate Abilities, Weirdness & Mutations

You are immune to sickness and miasma.
Your stone body is resilient. (AC +3)
You are immune to poison.
You resist negative energy. (rN+)
You are resistant to electric shocks. (rElec)
You are resistant to unholy torment.
You are immune to petrification.


   Skills:
 - Level 3.2 Fighting
 + Level 4.3 Axes
 - Level 3.2 Armour
 - Level 3.2 Shields


You had 3 spell levels left.
You didn't know any spells.
Your spell library was empty.

Inventory:

Hand Weapons
 h - a +0 whip
 Y - a +0 war axe (weapon)
Armour
 b - a +0 scale mail (worn)
 c - a +0 buckler (worn)
Scrolls
 a - a scroll of fog {unknown}
 e - a scroll of immolation {unknown}
 f - a scroll of teleportation {unknown}
Potions
 d - 2 potions of might
 i - 3 potions of flight {unknown}

Dungeon Overview and Level Annotations

Branches:
Dungeon (2/15)

Altars:

Annotations:
D:2 Sigmund


Message History

The roots erupt in riotous growth!
The grasping roots grab you!
You are constricted.
You hear a shout!
Something hits you but does no damage.
You are constricted.
The grasping roots release their grip on you.
You hear some strange, mumbled words.
Something tries to affect you, but you resist.
Something hits you.
You feel your power leaking away.
You hear some strange, mumbled words.
A magic dart appears from out of thin air!
The magic dart hits you.
You hear a zap.
The roots erupt in riotous growth!
The grasping roots grab you!
You are constricted.
You hear an angry hiss.
Something hits you.
You are constricted.
The grasping roots release their grip on you.
Something hits you.
You feel your power leaking away.
You feel less confused.
You hear a zap.
The roots erupt in riotous growth!
The grasping roots grab you!
You are constricted.
You barely miss something. Something hits you.
You are constricted.
You miss something.
A kobold comes into view. It is wielding a +0 dagger.
Something hits you!
You feel your power leaking away.
You are constricted.
You slash something!
The kobold throws a stone.
The stone hits you but does no damage.
The grasping roots release their grip on you.
You barely miss something. Something hits you.
You die...

#.#......######
#.######## ..
#...........#
#.# #
.#.....#####.##
#.#
#..............#
#.#
###.######K##..#
#.# ... #.# #
#.# #.. #.# ..#
#.# ### #@# #{#
#B# #.# #.# #.#
#.. #..


You could see a giant cockroach and a kobold.

Vanquished Creatures
  An adder (D:2)
  5 gnolls
  A dart slug (D:2)
  2 ball pythons
  3 endoplasms
  A giant cockroach (D:1)
  2 goblins (D:2)
  2 hobgoblins (D:1)
  7 jackals
  2 kobolds
  2 quokkas
  2 bats
  3 frilled lizards
  5 rats
38 creatures vanquished.

Notes
Turn   | Place    | Note
-------+----------+-------------------------------------------
     0 | D:1      | qw the Gargoyle Fighter began the quest for the Orb.
     0 | D:1      | Reached XP level 1. HP: 14/14 MP: 1/1
     0 | D:1      | 0 ||| qw: Version: 0.2-a-97-g499787f
     0 | D:1      | 0 ||| qw: Game counter: 55
     0 | D:1      | 0 ||| qw: Always use a shield: true
     0 | D:1      | 0 ||| qw: God list: Okawaru
     0 | D:1      | 0 ||| qw: Allow faded altars: false
     0 | D:1      | 0 ||| qw: Do Orc after D:15 true
     0 | D:1      | 0 ||| qw: Do second Lair branch before Depths: true
     0 | D:1      | 0 ||| qw: Lair rune preference: random
     0 | D:1      | 0 ||| qw: Plans: Normal, Zot:1-4, God:TSO, Crypt, Tomb,
                  | Pan, Slime:5, Hells, Abyss, Win
     0 | D:1      | 0 ||| PLANNING D:1-11
    71 | D:1      | Reached skill level 2 in Axes
    94 | D:1      | 94 ||| Stepping ~*~*~tactically~*~*~ (hiding).
   106 | D:1      | Reached XP level 2. HP: 14/19 MP: 2/2
   137 | D:1      | 137 ||| Stepping ~*~*~tactically~*~*~ (stealth).
   153 | D:1      | 153 ||| Stepping ~*~*~tactically~*~*~ (stealth).
   494 | D:1      | Reached skill level 3 in Axes
   525 | D:1      | Reached XP level 3. HP: 23/23 MP: 3/3
   548 | D:1      | Found a faded altar of an unknown god.
   629 | D:1      | 629 ||| Stepping ~*~*~tactically~*~*~ (hiding).
   921 | D:1      | 921 ||| READING scroll labelled DEIWKY USITET.
   922 | D:1      | 922 ||| READING scroll labelled GUTSU ZEUPTI.
   923 | D:1      | 923 ||| READING scroll labelled TADWASEREV.
   924 | D:1      | 924 ||| DRINKING 2 viscous orange potions.
   925 | D:1      | 925 ||| DRINKING 2 silvery potions.
   926 | D:1      | 926 ||| DROPPING potion of brilliance.
   927 | D:1      | 927 ||| DROPPING potion of degeneration.
   974 | D:2      | 974 ||| Stepping ~*~*~tactically~*~*~ (hiding).
   988 | D:2      | Reached XP level 4. HP: 10/28 MP: 4/4
   989 | D:2      | Reached skill level 4 in Axes
  1037 | D:2      | 1037 ||| Stepping ~*~*~tactically~*~*~ (stealth).
  1043 | D:2      | 1043 ||| Stepping ~*~*~tactically~*~*~ (stealth).
  1047 | D:2      | 1047 ||| Stepping ~*~*~tactically~*~*~ (stealth).
  1158 | D:2      | 1158 ||| Stepping ~*~*~tactically~*~*~ (stealth).
  1287 | D:2      | 1287 ||| Stepping ~*~*~tactically~*~*~ (stealth).
  1328 | D:2      | Noticed Sigmund
  1345 | D:2      | HP: 7/28 [something (3)]
  1346 | D:2      | HP: 1/28 [something (7)]
  1348 | D:2      | Slain by Sigmund

Levels and vault maps discovered:
D:1:      lightli_arrival_maybe_door_vault, layout_basic,
          shapermc_ecumenical_altar_petra, minmay_misc_feat_tower,
          minmay_tiny_reverse_x
D:2:      layout_loops_ring, basic_altar, minmay_tripent, uniq_sigmund

Skill      XL: |  1  2  3  4 |
---------------+-------------+-----
Axes           | 2 3 4 |  4.3
Fighting       | |  3.2
Armour         | |  3.2
Shields        | |  3.2

Action                     |  1- 3 |  4- 6 || total
---------------------------+-------+-------++-------
  Melee: War axe           |    79 |    40 ||   119
    Use: Scroll            |     3 |       ||     3
         Potion            |     2 |       ||     2
 Armour: Scale mail        |    43 |    25 ||    68
  Dodge: Dodged            |    42 |     9 ||    51
  Block: Buckler           |    19 |     7 ||    26

Table legend:
 A = Non-vault XP
 B = Vault XP
 C = Vault XP percentage of total XP
 D = Non-vault monster count
 E = Vault monster count
 F = Vault count percentage of total count
                 A         B        C        D         E       F
            +---------+---------+-------+---------+---------+-------
      Total |     136 |       2 |   1.4 |      36 |       2 |   5.3
            +---------+---------+-------+---------+---------+-------
        D:1 |      40 |       2 |   4.8 |      17 |       2 |  10.5
        D:2 |      96 |       0 |   0.0 |      19 |       0 |   0.0
            +---------+---------+-------+---------+---------+-------
